 Dungeon Crawl Stone Soup version 0.32-a0-540-g866d13106e (webtiles) character file.

Game seed: 8809880741886313949

37 retardedninja the Shield-Bearer (level 3, -6/33 HPs)
             Began as a Mountain Dwarf Fighter on Feb 28, 2024.
             Mangled by Sigmund
             ... wielding a +0 scythe
              (9 damage)
             ... on level 2 of the Dungeon.
             The game lasted 00:01:33 (1439 turns).

retardedninja the Shield-Bearer (MDFi)              Turns: 1439, Time: 00:01:34

Health: -6/33      AC:  7    Str: 20    XL:     3   Next: 21%
Magic:  3/3        EV:  9    Int:  8    God:
Gold:   33         SH:  4    Dex:  9    Spells: 2/2 levels left

rFire   . . .        a - +0 war axe
rCold   . . .        c - +0 buckler
rNeg    . . .        b - +0 scale mail
rPois   .            (no helmet)
rElec   .            (no cloak)
rCorr   .            (no gloves)
SInv    .            (no boots)
Will    .....        (no amulet) Stlth
                     (no ring)
HPRegen 0.25/turn    (no ring)
MPRegen 0.08/turn

%: no passive effects
@: no status effects
A: runic magic, artefact enchanting
a: no special abilities


You were on level 2 of the Dungeon.
You visited 1 branch of the dungeon, and saw 2 of its levels.

You collected 33 gold pieces.

Inventory:

Hand Weapons
 a - a +0 war axe (weapon)
Armour
 b - a +0 scale mail (worn)
 c - a +0 buckler (worn)
 s - a +0 kite shield
Jewellery
 h - a ring of flight
 n - a +6 ring of dexterity
Scrolls
 g - a scroll of blinking {unknown}
 k - a scroll of poison {unknown}
 l - 2 scrolls of teleportation
 o - a scroll of acquirement {unknown}
 p - 2 scrolls of identify {unknown}
Potions
 d - a potion of might
 e - 3 potions of curing {unknown}
 f - a potion of magic {unknown}
 i - a potion of mutation {unknown}
 j - a potion of invisibility {unknown}
 m - a potion of degeneration {unknown}
 q - a potion of attraction {unknown}
 r - a potion of lignification {unknown}


   Skills:
 * Level 3.7 Fighting
 * Level 3.0 Axes
 + Level 3.7 Armour
 + Level 3.7 Shields


You had 2 spell levels left.
You didn't know any spells.
Your spell library was empty.

Dungeon Overview and Level Annotations

Branches:
Dungeon (2/15)

Altars:

Annotations:
D:2 Sigmund


Innate Abilities, Weirdness & Mutations

Your spellcasting is much less encumbered by armour.
You can use scrolls of enchantment on lesser artefacts.


Message History

The hobgoblin shouts!
You block the bat's attack. Sigmund closely misses you.
You closely miss Sigmund. The bat closely misses you.
You block Sigmund's attack. The giant cockroach bites you.
You slash the giant cockroach!
You kill the giant cockroach!
You barely miss the bat. The bat hits you. You block the bat's attack.
Sigmund hits you from afar with a +0 scythe.
You hit the bat.
The bat is heavily wounded.
The bat closely misses you. The bat hits you but does no damage.
Sigmund hits you from afar with a +0 scythe.
You slash the bat!
You kill the bat!
Sigmund closely misses you.
You slash the hobgoblin!
You kill the hobgoblin!
Sigmund hits you with a +0 scythe!
Things that are here:
a hobgoblin corpse; a bat corpse; a giant cockroach corpse Sigmund gestures at you while chanting.
The magic dart hits you.
Found 9 stones.
Sigmund closely misses you.
Sigmund mumbles some strange words.
Sigmund flickers and vanishes!
Deactivating autopickup; reactivate with Ctrl-A.
You see here a +0 club.
A puff of flame appears from out of thin air!
The puff of flame hits you. Something completely misses you.
You hit something but do no damage. You block something's attack.
You slash something! Something hits you.
You miss something.
You hear some strange, mumbled words.
A puff of flame appears from out of thin air!
The puff of flame hits you!
* * * LOW HITPOINT WARNING * * *
You miss something. Something hits you!
You die...

#########
#.......#
#.(.....#
#....@..#
#....{..#
###.......#
..........#####
###.###)......#
..............+
###.###.......#
#.....#######
...####†#


There were no monsters in sight!

Vanquished Creatures
  2 ribbon worms (D:2)
  A dart slug (D:2)
  A ball python (D:2)
  2 endoplasms (D:1)
  4 giant cockroaches
  A goblin (D:1)
  4 hobgoblins
  2 quokkas
  2 bats
  3 frilled lizards
  2 kobolds (D:2)
  2 rats (D:1)
26 creatures vanquished.

Notes
Turn   | Place    | Note
-------+----------+-------------------------------------------
     0 | D:1      | retardedninja the Mountain Dwarf Fighter began the quest
                  | for the Orb.
     0 | D:1      | Reached XP level 1. HP: 19/19 MP: 1/1
   325 | D:1      | Reached XP level 2. HP: 21/26 MP: 2/2
  1209 | D:2      | Reached XP level 3. HP: 13/33 MP: 3/3
  1411 | D:2      | Noticed Sigmund
  1439 | D:2      | Mangled by Sigmund

Illustrated notes

Levels and vault maps discovered:
D:1:      minmay_arrival_nine_rooms, layout_loops_corners
D:2:      layout_basic, uniq_sigmund

Skill      XL: |  1  2  3 |
---------------+----------+-----
Axes           | 3 |  3.0
Fighting       | |  3.7
Armour         | |  3.7
Shields        | |  3.7

Action                     || total
---------------------------++-------
  Melee: War axe           ||    96
    Use: Scroll            ||     1
 Armour: Scale mail        ||    73
  Dodge: Dodged            ||    43
  Block: Buckler           ||    22

Table legend: (Time is in decaauts)
 A = Elapsed time spent in this place.
 B = Non-inter-level travel time spent in this place.
 C = Inter-level travel time spent in this place.
 D = Time resting spent in this place.
 E = Time spent auto-exploring this place.
 F = Levels seen in this place.
 G = Mean time per level.
                   A        B        C        D        E       F      G
               +--------+--------+--------+--------+--------+-----+--------+
         Total |   1476 |   1452 |     24 |      0 |   1186 |   2 |  738.0 |
       Dungeon |   1476 |   1452 |     24 |      0 |   1186 |   2 |  738.0 |
               +--------+--------+--------+--------+--------+-----+--------+

Top non-repeatable levels by time:
     D:1: 928 daAuts
     D:2: 548 daAuts
